 Dungeon Sprint DCSS version 0.22-a0-538-g76cc104 (webtiles) character file.

1036 raistware the Slinger (level 8, -1/58 HPs)
             Began as a Halfling Hunter on June 23, 2018.
             Was a Follower of Okawaru.
             Slain by a black mamba (10 damage)
             ... in the Dungeon (Sprint IX: "|||||||||||||||||||||||||||||").
             The game lasted 00:07:33 (747 turns).

raistware the Slinger (Halfling Hunter)              Turns: 747, Time: 00:07:34

Health: -1/58      AC:  6    Str: 19    XL:     8   Next: 48%
Magic:  8/8        EV: 22    Int:  9    God:    Okawaru [*.....]
Gold:   0          SH:  0    Dex: 17    Spells: 7/7 levels left

rFire    . . .     SeeInvis .   p - +2 rapier (venom)
rCold    . . .     Gourm    .   (shield restricted)
rNeg     . . .     Faith    .   c - +0 leather armour
rPois    .         Spirit   .   b - +0 helmet
rElec    .         Reflect  .   q - +0 cloak
rCorr    .         Harm     .   (no gloves)
MR       .....     NoTele   +   (no boots)
Stlth    ++........             (no amulet)
HPRegen  0.19/turn              r - +3 ring of strength
MPRegen  0.11/turn              s - +3 ring of strength

@: lethally poisoned (-1 -> -18)
A: small, mutation resistance 1
a: Heroism, Renounce Religion


You were in the Dungeon.
You worshipped Okawaru.
Okawaru was aware of your devotion.
You were not hungry.

You visited 1 branch

Inventory:

Hand Weapons
 a - a +1 hunting sling
 p - a +2 rapier of venom (weapon)
Missiles
 d - 15 sling bullets
Armour
 b - a +0 helmet (worn)
 c - a +0 leather armour (worn)
 q - a +0 cloak (worn)
Jewellery
 r - a +3 ring of strength (left hand)
 s - a +3 ring of strength (right hand)
Wands
 o - a wand of iceblast (9)
Scrolls
 k - 2 scrolls of blinking
 m - 6 scrolls of remove curse
 n - 2 scrolls of amnesia
 w - 2 scrolls of identify
 y - 4 scrolls of enchant weapon
 z - a scroll of fear
Potions
 e - 5 potions of curing
 h - 2 potions of haste
 i - 4 potions of magic
 j - a potion of heal wounds
 l - a potion of brilliance
 t - a potion of mutation
 u - a potion of resistance
 v - a potion of berserk rage
Miscellaneous
 x - a fan of gales (inert)
Comestibles
 f - a ration
 g - 4 chunks of flesh


   Skills:
 - Level 6.4 Fighting
 - Level 11.2 Short Blades
 - Level 12.1 Slings
 + Level 6.4 Armour
 + Level 9.9 Dodging
 - Level 1.1 Stealth


You had 7 spell levels left.
You didn't know any spells.
Your spell library was empty.

Dungeon Overview and Level Annotations

Branches:
Dungeon (1/1)

Altars:
Cheibriados
Dithmenos
Elyvilon
Fedhas
Gozag
Hepliaklqana
Kikubaaqudgha
Makhleb
Nemelex Xobeh
Okawaru
Qazlal
Ru
Sif Muna
Trog
Uskayaw
Vehumet
Wu Jian
Xom
Yredelemnul
Zin
The Shining One
Beogh
Jiyva
Lugonu


Innate Abilities, Weirdness & Mutations

You are small and have problems with some larger weapons.
You are somewhat resistant to further mutation.


Message History

You feel sick. The black mamba misses you.
A yak comes into view.
You miss the black mamba.
The black mamba is moderately wounded.
The black mamba misses you.
You miss the black mamba.
The black mamba is moderately wounded.
The black mamba bites you! x2
* * * LOW HITPOINT WARNING * * *
You are lethally poisoned!
The black mamba poisons you!
You barely miss the black mamba.
The black mamba is moderately wounded.
* * * LOW HITPOINT WARNING * * *
You feel sick. The black mamba closely misses you.
You barely miss the black mamba.
The black mamba is moderately wounded.
* * * LOW HITPOINT WARNING * * *
You feel sick. The black mamba bites you!
You die...

▓.▓.▓)▓
▓.▓.▓.▓
▓.▓.▓.▓
▓.▓.▓.▓
▓.▓.▓.▓
▓.▓.▓.▓
▓.▓.▓'▓
▓.▓.▓_▓
▓@▓.▓_▓
▓S▓.▓_▓
▓F▓.▓_▓
▓r▓.▓_▓
▓k▓.▓_▓
▓l▓.▓_▓
▓.▓.▓_▓
▓.▓.▓_▓
▓.▓.▓_▓


You could see a komodo dragon, a black mamba, a rime drake, a bullfrog and a
porcupine.

Vanquished Creatures
  A water moccasin (D)
  An orc warrior (D)
  An ice beast (D)
  A sky beast (shapeshifter) (D)
  A centaur (D)
  A big kobold (D)
  A bullfrog (D)
  A killer bee (D)
  2 jellies (D)
  A hound (D)
  An orc wizard (D)
  A worker ant (D)
  A shadow imp (D)
  An orc (D)
  A giant cockroach (D)
  2 goblins (D)
  A jackal (D)
  2 kobolds (D)
  A jackal zombie (D)
  A leopard gecko skeleton (D)
23 creatures vanquished.

Vanquished Creatures (others)
  A catoblepas (D)
1 creature vanquished.

Grand Total: 24 creatures vanquished

Notes
Turn   | Place    | Note
-------+----------+-------------------------------------------
     0 | D        | raistware the Halfling Hunter began the quest for the Orb.
     0 | D        | Reached XP level 1. HP: 14/14 MP: 1/1
     5 | D        | Reached skill level 6 in Slings
     6 | D        | Reached skill level 7 in Slings
    15 | D        | Reached XP level 2. HP: 19/19 MP: 2/2
    36 | D        | Noticed an ice beast
    38 | D        | Reached skill level 8 in Slings
    45 | D        | Reached skill level 10 in Slings
    45 | D        | Reached XP level 3. HP: 13/24 MP: 3/3
    53 | D        | Reached XP level 4. HP: 29/29 MP: 4/4
    58 | D        | Killed an ice beast
    58 | D        | Reached XP level 5. HP: 34/34 MP: 5/5
    66 | D        | Reached skill level 10 in Short Blades
    86 | D        | Found a roughly hewn altar of Beogh.
    86 | D        | Found a snail-covered altar of Cheibriados.
    86 | D        | Found a shadowy altar of Dithmenos.
    86 | D        | Found a white marble altar of Elyvilon.
    86 | D        | Found a blossoming altar of Fedhas.
    86 | D        | Found an opulent altar of Gozag.
    87 | D        | Found a hazy altar of Hepliaklqana.
    88 | D        | Found a viscous altar of Jiyva.
    89 | D        | Found an ancient bone altar of Kikubaaqudgha.
    90 | D        | Found a corrupted altar of Lugonu.
    91 | D        | Found a burning altar of Makhleb.
    92 | D        | Found a sparkling altar of Nemelex Xobeh.
    93 | D        | Found an iron altar of Okawaru.
    94 | D        | Found a stormy altar of Qazlal.
    95 | D        | Found a sacrificial altar of Ru.
    96 | D        | Found a deep blue altar of Sif Muna.
    97 | D        | Found a bloodstained altar of Trog.
    98 | D        | Found a hide-covered altar of Uskayaw.
    99 | D        | Found a radiant altar of Vehumet.
   102 | D        | Found an ornate altar of the Wu Jian Council.
   103 | D        | Found a shimmering altar of Xom.
   104 | D        | Found a basalt altar of Yredelemnul.
   105 | D        | Found a glowing silver altar of Zin.
   106 | D        | Found a glowing golden altar of the Shining One.
   129 | D        | Became a worshipper of Warmaster Okawaru
   175 | D        | Noticed a centaur
   175 | D        | Noticed a big kobold
   181 | D        | Reached XP level 6. HP: 31/39 MP: 6/6
   190 | D        | Reached skill level 12 in Slings
   190 | D        | Reached skill level 5 in Dodging
   200 | D        | Reached XP level 7. HP: 20/44 MP: 7/7
   373 | D        | Noticed a catoblepas
   485 | D        | Noticed a basilisk
   502 | D        | Killed a catoblepas
   507 | D        | Reached * piety under Okawaru
   507 | D        | Reached skill level 5 in Fighting
   507 | D        | Reached XP level 8. HP: 22/56 MP: 8/8
   508 | D        | a basilisk changed into a sky beast
   513 | D        | Reached skill level 5 in Armour
   720 | D        | Noticed a black mamba
   720 | D        | Noticed a rime drake
   723 | D        | Noticed a komodo dragon
   743 | D        | Noticed a yak
   747 | D        | Slain by a black mamba

Vault maps used:
D:        linesprint

Skill      XL: |  1  2  3  4  5  6  7  8 |
---------------+-------------------------+-----
Slings         | 7 10 12 | 12.1
Dodging        | 4 8 9 |  9.9
Short Blades   | 4 9 10 11 | 11.2
Fighting       | 5 6 |  6.4
Armour         | 4 6 |  6.4
Stealth        | |  1.1

Action                   |  1- 3 |  4- 6 |  7- 9 || total
-------------------------+-------+-------+-------++-------
Melee: Short sword       |     5 |    13 |       ||    18
       Rapier            |       |     8 |    44 ||    52
 Fire: Hunting sling     |    21 |    13 |     2 ||    36
Evoke: Wand              |       |       |     1 ||     1
       Fan of gales      |       |       |     1 ||     1
  Use: Potion            |     2 |       |     2 ||     4
 Stab: Invisible         |       |       |     3 ||     3
Armor: Leather armour    |     1 |     1 |     6 ||     8
Dodge: Dodged            |    11 |    14 |    27 ||    52

Table legend:
 A = Spawn XP
 B = Non-spawn XP
 C = Spawn XP percentage of total XP
 D = Spawn monster count
 E = Non-spawn monster count
 F = Spawn count percentage of total count
 G = Total turns spent on level
                    A         B        C        D         E        F      G
               +---------+---------+-------+---------+---------+-------+---------
         Total |       0 |    1480 |   0.0 |       0 |      24 |   0.0 |   747
               +---------+---------+-------+---------+---------+-------+---------
             D |       0 |    1480 |   0.0 |       0 |      24 |   0.0 |   747
               +---------+---------+-------+---------+---------+-------+---------
